[Event "Live Chess"]
[Site "Chess.com"]
[Date "2023.05.20"]
[Round "-"]
[White "gmnorfolk"]
[Black "JohanKjeldahl"]
[Result "0-1"]
[WhiteElo "2114"]
[BlackElo "1780"]
[TimeControl "300"]
[EndTime "11:20:33 PDT"]
[Termination "JohanKjeldahl won by resignation"]

1. d4 Nf6 2. c4 e5 3. dxe5 Ng4 4. e4 Nxe5 5. f4 Ng6 6. Nf3 Bc5 7. Nc3 O-O 8. Bd3 d6 9. Qc2 Nc6 10. a3 Bg4 11.
Ne2 Re8 12. Bd2 a5 13. O-O-O a4 14. h3 Bxf3 15. gxf3 Na5 16. Bc3 Nb3+ 17. Kb1 c6 18.
h4 Qb6 19. h5 Nf8 20. h6 g6 21. f5 Nd4 22. Nxd4 Bxd4 23. fxg6 fxg6 24. f4 Ne6 25. f5 Nf4 26. Rdf1 Be5 27. Bxe5 dxe5 28. c5 Qa5 29. Bc4+ Kh8 30. Rxf4 exf4 31. fxg6 hxg6 32. Bf7 Re5 33. Qg2 Qxc5 34. Qxg6 Rg5 35. Qf6+ Kh7 36. Be6 Rf8 37. Bf5+ Qxf5 38. Qxf5+ Rfxf5 39. exf5 Rxf5 40. Kc2 f3 41. Kd3 f2 42. Rf1 Kxh6 43. Ke2 Kg5 44. Rxf2 Rxf2+ 45. Kxf2 Kf4 46. Ke2 Ke4 47. Kd2 Kd4 48. Kc2 Kc4 49. Kc1 Kb3 50. Kb1 b5 51. Kc1 c5 52. Kb1 b4 53.
axb4 cxb4 54. Ka1 Kc2 55. Ka2 b3+ 56. Ka1 a3 0-1

[Event "Live Chess"]
[Site "Chess.com"]
[Date "2023.05.20"]
[Round "-"]
[White "Bot_Boy"]
[Black "AdamOwls"]
[Result "0-1"]
[WhiteElo "332"]
[BlackElo "1944"]
[TimeControl "300"]
[EndTime "11:20:37 PDT"]
[Termination "AdamOwls won on time"]

1. e4 c5 2. Nf3 e6 3. Nc3 Nc6 4.
Bc4 a6 5. d3 b5 6. Bb3 Qc7 7. Ne2 Nf6 8. c3 Bb7 9. h3 Be7 10. Bc2 O-O 11. d4 cxd4 12. Nfxd4 Rfd8 13. Nf3 d5 14. Bf4 Qb6 15. e5 Nd7 16. Bg5 Nf8 17.
Bxe7 Nxe7 18. Nfd4 Nfg6 19. Bxg6 Nxg6 20. Qd2 Nxe5 21. f4 Ng6 22. Rf1 Re8 23. O-O-O Rac8 24. Kb1 a5 25. f5 exf5 26. Nxf5 b4 27. c4 dxc4 28. Rc1 c3 0-1

[Event "Live Chess"]
[Site "Chess.com"]
[Date "2023.05.20"]
[Round "-"]
[White "Albul"]
[Black "CheckThis4"]
[Result "0-1"]
[WhiteElo "2162"]
[BlackElo "2552"]
[TimeControl "300"]
[EndTime "11:20:46 PDT"]
[Termination "CheckThis4 won on time"]

1. e4 c5 2. Nc3 Nc6 3. d3 g6 4.
Be3 b6 5. g3 Bg7 6. Qd2 h5 7.
Bg2 h4 8. h3 hxg3 9. fxg3 Bb7 10. Nge2 Nf6 11. O-O-O d6 12. Rdf1 Qd7 13. g4 O-O-O 14. g5 Nh5 15. Rxf7 Ne5 16. Rf2 Kb8 17. Nd5 Bxd5 18. exd5 Rhf8 19. Rhf1 Qa4 20. Nc3 Qh4 21.
Rxf8 Bxf8 22. Qe1 Qb4 23. Be4 Bg7 24. Bf3 Nxf3 25. Rxf3 Be5 26. Bd2 Qd4 27. Be3 Qb4 28.
a3 Qa5 29. Bd2 Qa6 30. Qe4 Rg8 31. Ne2 Qc8 32. Qg4 Ng7 33. Qxc8+ Kxc8 34. Bc3 Bxc3 35.
Nxc3 Nf5 36. Ne4 Rh8 37. Kd2 Kd7 38. Ke2 Nd4+ 39. Ke3 Nxf3 40. Kxf3 Rxh3+ 41. Ke2 Rh2+ 42. Kd1 e6 43. Nf6+ Ke7 44. dxe6 Kxe6 45. Ne4 d5 0-1

[Event "Live Chess"]
[Site "Chess.com"]
[Date "2023.05.20"]
[Round "-"]
[White "Chesscoach_Golichenko"]
[Black "MaximKris"]
[Result "1-0"]
[WhiteElo "2654"]
[BlackElo "1869"]
[TimeControl "300"]
[EndTime "11:20:53 PDT"]
[Termination "Chesscoach_Golichenko won by checkmate"]

1. d4 d5 2. c4 e6 3. Nc3 Nf6 4.
Nf3 c6 5. e3 Bd6 6. Qc2 O-O 7.
Rg1 dxc4 8. Bxc4 b5 9. Bd3 h6 10. g4 b4 11. Na4 Qa5 12. b3 Ba6 13. h4 Bxd3 14. Qxd3 c5 15. g5 hxg5 16. hxg5 Nh7 17. Rh1 g6 18. Bb2 c4 19. Qxc4 Na6 20. d5 Qxd5 21.
Rxh7 f6 22. Qxd5 exd5 23. Rd7 Be5 24. Nxe5 fxe5 25. Bxe5 Rae8 26. Bd4 Rf7 27. Rxf7 Kxf7 28.
Rc1 Ke6 29. Rc6+ Kf5 30. Rxa6 Ke4 31. Ke2 Rc8 32. Nc5+ Rxc5 33. Bxc5 d4 34. Bxd4 Kf5 35. f4 Kg4 36. Rxg6 Kh5 37. Rf6 Kh4 38. g6 Kg4 39. g7 Kg3 40. g8=Q+ Kh2 41. Rh6# 1-0

[Event "Live Chess"]
[Site "Chess.com"]
[Date "2023.05.20"]
[Round "-"]
[White "Andysav3"]
[Black "Tema1107"]
[Result "0-1"]
[WhiteElo "1690"]
[BlackElo "1968"]
[TimeControl "300"]
[EndTime "11:20:57 PDT"]
[Termination "Tema1107 won by resignation"]

1. e4 c5 2. c3 Nf6 3. e5 Nd5 4. d4 cxd4 5. Bc4 Nb6 6. Bb3 Nc6 7. cxd4 g6 8. Nf3 Bg7 9. Nc3 O-O 10. O-O d6 11. exd6 Qxd6 12. Be3 Bg4 13. d5 Ne5 14. Ne4 Qd8 15. Neg5 h6 16. h3 Bf5 17.
Nxe5 Bxe5 18. g4 Bd7 19. Ne4 Bb5 20. Re1 a5 21. Bxh6 Re8 22. Ng5 a4 23. Nxf7 Kxf7 24. Rxe5 axb3 25. Qxb3 Bc4 26. Qf3+ Kg8 27. Rae1 Bxd5 28.
Qd3 Bf7 29. g5 Qxd3 0-1

[Event "Live Chess"]
[Site "Chess.com"]
[Date "2023.05.20"]
[Round "-"]
[White "Davidagye"]
[Black "ossie57"]
[Result "0-1"]
[WhiteElo "1678"]
[BlackElo "1878"]
[TimeControl "300"]
[EndTime "11:20:59 PDT"]
[Termination "ossie57 won by resignation"]

1. b4 Nf6 2. Bb2 e6 3. a3 g6 4.
c4 Bg7 5. d4 O-O 6. e3 d5 7.
Nf3 c6 8. Nbd2 a5 9. b5 cxb5 10. cxb5 b6 11. Bd3 Nbd7 12. O-O Re8 13. Rc1 Bb7 14.
Qe2 h6 15. Rc2 Rc8 16. Rfc1 Rxc2 17. Rxc2 Nh7 18. e4 e5 19. dxe5 Nxe5 20. Nxe5 Bxe5 21. Bxe5 Rxe5 22. f4 dxe4 23. Nxe4 Qd4+ 24. Kf1 0-1

[Event "Live Chess"]
[Site "Chess.com"]
[Date "2023.05.20"]
[Round "-"]
[White "Vladyslav2008"]
[Black "garyjc"]
[Result "1-0"]
[WhiteElo "2174"]
[BlackElo "1036"]
[TimeControl "300"]
[EndTime "11:21:02 PDT"]
[Termination "Vladyslav2008 won by resignation"]

1. e4 c5 2. Nf3 d6 3. d4 Qa5+ 4. Nc3 cxd4 5. Nxd4 Nf6 6. Bd3 e6 7. O-O Be7 8. f4 O-O 9. Kh1 Nc6 10. Nb3 Qc7 11.
g4 e5 12. f5 Nd4 13. g5 Nd7 14. Nxd4 exd4 15. Nd5 Qd8 16. f6 Bxf6 17. gxf6 Nxf6 18.
Nxf6+ gxf6 19. Bh6 Re8 20. Rg1+ Kh8 21. Bg7+ Kg8 22.
Bxf6+ 1-0

[Event "Live Chess"]
[Site "Chess.com"]
[Date "2023.05.20"]
[Round "-"]
[White "1600x"]
[Black "wadsy27"]
[Result "0-1"]
[WhiteElo "1557"]
[BlackElo "2588"]
[TimeControl "300"]
[EndTime "11:21:06 PDT"]
[Termination "wadsy27 won - game abandoned"]

1. d4 Nf6 2. Nc3 d5 3. Nf3 c6 4.
Bf4 Bf5 5. e3 e6 6. Bd3 Bxd3 7.
cxd3 Bd6 8. Bxd6 Qxd6 9. O-O O-O 10. e4 Nfd7 11. Rc1 a5 12. Re1 Na6 13. a3 b5 14. h3 Rfb8 15. Ne2 b4 16. a4 c5 0-1

[Event "Live Chess"]
[Site "Chess.com"]
[Date "2023.05.20"]
[Round "-"]
[White "PantherCal"]
[Black "OleksiyJr1"]
[Result "1-0"]
[WhiteElo "1835"]
[BlackElo "909"]
[TimeControl "300"]
[EndTime "11:21:11 PDT"]
[Termination "PantherCal won on time"]

1. e4 c5 2. c3 Nc6 3. d4 cxd4 4. cxd4 Nf6 5. e5 Nd5 6. Bc4 e6 7. Nf3 a6 8. O-O Bb4 9. Bd2 Bxd2 10. Qxd2 O-O 11.
Bxd5 exd5 12. Nc3 Ne7 13. Rac1 b5 14. a3 Bb7 15. b4 Rc8 16. Ne2 Qb6 17. Qd3 a5 18.
Nd2 a4 19. Rc5 Bc6 20. Rfc1 g6 21. Nf4 Nf5 22. Nf3 d6 23. R5c2 dxe5 24. dxe5 Ne7 25. e6 Rc7 26. exf7+ Rxf7 27. Ne6 Rc8 28. Ne5 Rf5 29.
Nxc6 Rxc6 30. Nd4 Rxc2 31. Rxc2 Rf8 32. Rc5 Rc8 33. Qxb5 Qxb5 34. Nxb5 Re8 35. Nc7 Rc8 36. Nxd5 Re8 37. Nxe7+ Rxe7 38. g3 Re1+ 39. Kg2 Ra1 40. b5 Rxa3 41. b6 Rb3 42. Ra5 a3 43. b7 Rxb7 44.
Rxa3 Rb2 45. Re3 Kf7 46. h4 h5 47. Rf3+ Ke6 48. Rc3 Rb6 49. Rc5 Kf7 50. Rg5 Kg7 51.
Kh3 Kh6 52. f3 Kg7 53. g4 Kh6 54. gxh5 gxh5 55. Kg3 Rg6 56. f4 Re6 57. f5 Re3+ 58. Kf4 Rb3 59. f6 Rb4+ 60. Kf5 Rb5+ 61. Ke6 Rb6+ 62.
Kf7 Rb7+ 63. Ke8 Rb8+ 64. Kd7 Rb7+ 65. Kc8 Rb6 66. f7 Rc6+ 67. Kd7 Rf6 68. Ke7 1-0

[Event "Live Chess"]
[Site "Chess.com"]
[Date "2023.05.20"]
[Round "-"]
[White "zdanevych"]
[Black "DerbyKnight"]
[Result "0-1"]
[WhiteElo "1541"]
[BlackElo "1695"]
[TimeControl "300"]
[EndTime "11:21:13 PDT"]
[Termination "DerbyKnight won by checkmate"]

1. d4 d5 2. c4 e6 3. Nc3 Nf6 4. cxd5 exd5 5. Nf3 c6 6. Bg5 Be7 7.
h3 O-O 8. e3 h6 9. Bh4 Re8 10.
Bd3 Ne4 11. Bxe7 Qxe7 12. O-O Bf5 13. Ne5 f6 14. Nf3 Nd7 15. Nh4 Bh7 16. Nxe4 dxe4 17.
Bc4+ Kh8 18. Qg4 Nb6 19. Bb3 Nd5 20. Ng6+ Bxg6 21. Qxg6 Rf8 22. Qg4 f5 23. Qe2 f4 24.
Rac1 f3 25. gxf3 exf3 26. Qd3 Qg5+ 27. Kh2 Qg2# 0-1

[Event "Live Chess"]
[Site "Chess.com"]
[Date "2023.05.20"]
[Round "-"]
[White "AyannaTang"]
[Black "WelshTiger"]
[Result "0-1"]
[WhiteElo "176"]
[BlackElo "2431"]
[TimeControl "300"]
[EndTime "11:21:20 PDT"]
[Termination "WelshTiger won on time"]

1. e4 c5 2. d4 cxd4 3. Bc4 e6 4. Bf4 Nc6 5. Nf3 d6 6. c3 e5 7. Bg3 dxc3 8. Nxc3 Be7 9. Qd2 Nf6 10. O-O-O Bg4 11. h3 Bxf3 12. gxf3 Nd4 13. Rhe1 Nxf3 14. Qe2 Nxe1 15.
Rxe1 a6 16. Bb3 Rc8 17. Rg1 Qa5 18. Qd2 Rxc3+ 19. bxc3 Nxe4 20. Qd3 Qxc3+ 21. Qxc3 Nxc3 22. Kc2 Nb5 23. Ba4 O-O 24. Bxb5 axb5 25. Rb1 Ra8 26. Rxb5 Rxa2+ 27. Kb1 Ra7 28. Rb6 f5 29. f4 e4 30. Bf2 Kf7 31. Rb4 Ra3 32. Bb6 Rxh3 33.
Rb5 Ke6 34. Bd8 Bxd8 35. Rxb7 Bf6 36. Rb5 Rf3 37. Kc2 Rxf4 38. Kb3 g5 0-1

[Event "Live Chess"]
[Site "Chess.com"]
[Date "2023.05.20"]
[Round "-"]
[White "Lewstar1"]
[Black "Driftboard"]
[Result "0-1"]
[WhiteElo "450"]
[BlackElo "691"]
[TimeControl "300"]
[EndTime "11:21:26 PDT"]
[Termination "Driftboard won by checkmate"]

1. e4 e5 2. Nc3 Nc6 3. Bc4 Nf6 4.
d3 Bb4 5. f4 exf4 6. Bxf4 O-O 7. h4 Bxc3+ 8. bxc3 d6 9. d4 Na5 10. Bb3 Nxb3 11. axb3 b6 12. c4 c5 13. dxc5 dxc5 14.
Qf3 Qd4 15. Rd1 Qxe4+ 16. Qxe4 Nxe4 17. Nf3 Bg4 18. Rd7 Nf6 19. Rd6 Bxf3 20. gxf3 Rad8 21.
Rd7 Rxd7 22. h5 Re8+ 23. Kf2 h6 24. Kg3 Kh7 25. Bc1 g6 26. hxg6+ fxg6 27. f4 Nh5+ 28.
Kg4 Rd4 29. c3 Rd3 30. f5 Re4+ 31. Bf4 Rxf4# 0-1

[Event "Live Chess"]
[Site "Chess.com"]
[Date "2023.05.20"]
[Round "-"]
[White "ranvir123"]
[Black "worldchessleaguelive"]
[Result "1-0"]
[WhiteElo "905"]
[BlackElo "1348"]
[TimeControl "300"]
[EndTime "11:21:32 PDT"]
[Termination "ranvir123 won on time"]

1. e4 d5 2. Nf3 dxe4 3. Ng5 h6 4.
Nxe4 Nf6 5. Nxf6+ exf6 6. Qe2+ Qe7 7. Qxe7+ Bxe7 8. d4 O-O 9. Nc3 Re8 10. Be3 Nc6 11. Bd3 Bb4 12. a3 Ba5 13. b4 Bb6 14. Nd5 Bxd4 15. c3 Bxe3 16. fxe3 Rd8 17. Nxc7 Rb8 18.
Ke2 a6 19. b5 Bg4+ 20. Kd2 Ne5 21. bxa6 bxa6 22. Nxa6 Rxd3+ 23. Kc2 Rbd8 24. h3 Bf5 25. Kb3 Rxe3 26. g4 Be6+ 27. Kb4 Nd3+ 28. Kb5 Rd5+ 29.
Kb6 Rd6+ 30. Kb7 Bc4 31. Rad1 Bxa6+ 32. Kc7 Ree6 33. Rd2 Rc6+ 34. Kd7 Red6+ 35. Ke7 Bb5 36. Rb1 Re6+ 37. Kd7 Rb6+ 38. Kc7 Rec6+ 39. Kd7 Ne5+ 40. Ke7 Rc7+ 41. Kd8 Rd7+ 42. Rxd7 Nxd7 43. Kc7 Bd3 44. Rxb6 Nxb6 45. Kxb6 f5 46. Kc5 f4 47. Kd4 Ba6 48.
Ke4 g5 49. Kf3 Kf8 50. Ke4 Ke7 51. c4 Kd6 52. c5+ Kc6 53. a4 Kxc5 54. a5 Kb5 55.
h4 1-0

[Event "Live Chess"]
[Site "Chess.com"]
[Date "2023.05.20"]
[Round "-"]
[White "Jeffaroow"]
[Black "tpm07"]
[Result "0-1"]
[WhiteElo "460"]
[BlackElo "1961"]
[TimeControl "300"]
[EndTime "11:21:32 PDT"]
[Termination "tpm07 won by resignation"]

1. e4 c5 2. d4 cxd4 3. Nf3 Nc6 4.
Nxd4 g6 5. Nxc6 bxc6 6. Nc3 Bg7 7. Bd2 d6 8. Bd3 Nf6 9. O-O O-O 10. Be3 Ng4 11.
Bc1 Qc7 12. f3 Ne5 13. Be3 a5 14. a4 Rb8 15. Rb1 Be6 16. Bd4 Nxf3+ 17. gxf3 Bxd4+ 18. Kh1 Bg7 19. f4 f5 20. exf5 Bxf5 21. Bxf5 Rxf5 22.
Ne4 c5 23. Ng5 Qc6+ 24. Kg1 Bd4+ 25. Rf2 Rxf4 26. Qxd4 Rxd4 27. Ne6 Rg4+ 28. Kf1 Qh1+ 29. Ke2 0-1

[Event "Live Chess"]
[Site "Chess.com"]
[Date "2023.05.20"]
[Round "-"]
[White "AttackingSnowLeopard"]
[Black "mliszewski"]
[Result "0-1"]
[WhiteElo "2049"]
[BlackElo "1905"]
[TimeControl "300"]
[EndTime "11:21:37 PDT"]
[Termination "mliszewski won by resignation"]

1. d4 d5 2. c4 e5 3. e3 exd4 4. exd4 Nf6 5. Nf3 Be7 6. Be2 O-O 7. O-O dxc4 8. Nc3 a6 9. a4 Nc6 10. Bxc4 Bg4 11. Be3 Bd6 12. Be2 Re8 13. h3 Bh5 14. d5 Nb4 15. Qd4 Nbxd5 16. Nxd5 Nxd5 17. Bg5 Nf6 18. Bc4 Bxf3 19. gxf3 Bh2+ 0-1

[Event "Live Chess"]
[Site "Chess.com"]
[Date "2023.05.20"]
[Round "-"]
[White "ramses-IIG"]
[Black "friarnator"]
[Result "0-1"]
[WhiteElo "785"]
[BlackElo "1997"]
[TimeControl "300"]
[EndTime "11:21:41 PDT"]
[Termination "friarnator won by checkmate"]

1. e4 Nf6 2. Nf3 Nxe4 3. Qe2 Nf6 4. Ne5 d6 5. Nf3 g6 6. h3 Bg7 7. c3 O-O 8. d4 Nbd7 9. Bg5 h6 10. Bf4 c6 11.
Qd2 e5 12. Bxh6 e4 13. Bxg7 Kxg7 14. Ng5 e3 15. fxe3 Re8 16. h4 Qe7 17. Na3 Ng4 18.
O-O-O Qxe3 19. Qxe3 Rxe3 20. Rd2 Ndf6 21. Bc4 d5 22.
Be2 Bf5 23. Bxg4 Nxg4 24. h5 gxh5 25. Rxh5 Kg6 26. Rh7 Kxg5 27. Rxf7 Re1+ 28. Rd1 Rae8 29. b3 Rxd1+ 30. Kxd1 Nf2+ 31. Kc1 Re1+ 32. Kd2 Ra1 33.
c4 Rxa2+ 34. Kc3 a5 35. Rg7+ Kf6 36. Nb5 Nd1# 0-1

[Event "Live Chess"]
[Site "Chess.com"]
[Date "2023.05.20"]
[Round "-"]
[White "viktorskliarov"]
[Black "Leonid_Starozhilov"]
[Result "1/2-1/2"]
[WhiteElo "2650"]
[BlackElo "2653"]
[TimeControl "300"]
[EndTime "11:21:44 PDT"]
[Termination "Game drawn by agreement"]

1. e4 Nc6 2. Nc3 d6 3. d4 Nf6 4. f3 e5 5. Nge2 exd4 6. Nxd4 Nxd4 7. Qxd4 c6 8. Bf4 Nh5 9. Be3 Be6 10. O-O-O Qa5 11. Kb1 Nf6 12. Bc4 Be7 13. g4 O-O 14. h4 Bxc4 15. Qxc4 Rad8 16. g5 Nh5 17. Rd3 Rd7 18. Rhd1 Rfd8 19. a3 a6 20. f4 Qc7 21.
f5 1/2-1/2

[Event "Live Chess"]
[Site "Chess.com"]
[Date "2023.05.20"]
[Round "-"]
[White "martynstanley"]
[Black "vinni3012"]
[Result "0-1"]
[WhiteElo "1019"]
[BlackElo "1809"]
[TimeControl "300"]
[EndTime "11:21:45 PDT"]
[Termination "vinni3012 won by checkmate"]

1. d4 d5 2. e3 Nf6 3. Bd3 b6 4. c3 Nbd7 5. f4 c5 6. Nf3 Bb7 7. O-O Ne4 8. Nbd2 Ndf6 9. Ne5 e6 10.
Rf3 g6 11. Rh3 h5 12. Bc2 Bg7 13. Qe2 c4 14. b3 b5 15. bxc4 dxc4 16. Ba3 Nxc3 17.
Qf1 a5 18. Ne4 Ncxe4 19. Bxe4 Bxe4 20. Nc6 Bxc6 21. Bc5 Bf8 22. a3 Bxc5 23. dxc5 Qe7 24.
Rd1 Qxc5 25. Qe2 Be4 26. Rc1 Ke7 27. Rc3 Rhd8 28. Rh4 Rd3 29. Rxd3 cxd3 30. Qd2 Qc2 31. Qe1 d2 32. Qe2 d1=Q+ 33. Qxd1 Qxd1+ 34. Kf2 Rd8 35. Kg3 Rd2 36. f5 Rxg2+ 37. Kh3 Bxf5+ 38. Kxg2 Qg4+ 39. Rxg4 Nxg4 40. h3 Nxe3+ 41. Kf3 b4 42. axb4 axb4 43. Kxe3 b3 44. Kd2 b2 45. Kc3 b1=Q 46. Kd4 Qh1 47.
h4 Qh3 48. Kc5 Qxh4 49. Kb6 Qg5 50. Ka5 h4 51. Kb4 Qd2+ 52. Kb3 h3 53. Kc4 h2 54.
Kb3 h1=Q 55. Kc4 Qhc1+ 56. Kb3 Qdb2+ 57. Ka4 Qca1# 0-1

[Event "Live Chess"]
[Site "Chess.com"]
[Date "2023.05.20"]
[Round "-"]
[White "Trendle"]
[Black "ethiebear"]
[Result "1-0"]
[WhiteElo "2665"]
[BlackElo "899"]
[TimeControl "300"]
[EndTime "11:21:47 PDT"]
[Termination "Trendle won by checkmate"]

1. d4 Nf6 2. Bf4 e6 3. e3 d5 4. Nf3 Bb4+ 5. c3 Bd6 6. Ne5 Nc6 7. Bd3 O-O 8. Nd2 b6 9. Nxc6 Qd7 10. Ne5 Qe7 11.
O-O Bb7 12. Qf3 h6 13. Qg3 g5 14. Bxg5 Nh5 15. Bxe7+ Nxg3 16. Bxf8 Nxf1 17. Bxd6 cxd6 18. Rxf1 dxe5 19. dxe5 d4 20. exd4 Kg7 21. f4 Rg8 22.
f5 Kh8 23. g3 h5 24. fxe6 h4 25. Rxf7 hxg3 26. Rh7# 1-0

[Event "Live Chess"]
[Site "Chess.com"]
[Date "2023.05.20"]
[Round "-"]
[White "mattlirious"]
[Black "ViktorTheCoolBoy"]
[Result "0-1"]
[WhiteElo "1315"]
[BlackElo "2543"]
[TimeControl "300"]
[EndTime "11:22:03 PDT"]
[Termination "ViktorTheCoolBoy won by resignation"]

1. e4 c5 2. Nc3 e6 3. f4 d5 4.
Bb5+ Bd7 5. Bxd7+ Qxd7 6. Nf3 Nc6 7. O-O f6 8. d3 Nge7 9. Qe1 O-O-O 10. a4 Nb4 11. Qf2 d4 12. Nd1 Nec6 13. Bd2 Nxc2 14. Ba5 Nxa1 15. Bxd8 Qxd8 16. Qd2 Qb6 17. Re1 Qb4 18.
Qxb4 Nxb4 19. Re2 Nb3 20. Nf2 Be7 21. e5 Kd7 22. exf6 gxf6 23. Ne4 Nxd3 0-1

[Event "Live Chess"]
[Site "Chess.com"]
[Date "2023.05.20"]
[Round "-"]
[White "Enhard"]
[Black "GEMdzq"]
[Result "0-1"]
[WhiteElo "1439"]
[BlackElo "2202"]
[TimeControl "300"]
[EndTime "11:22:15 PDT"]
[Termination "GEMdzq won by resignation"]

1. d4 Nf6 2. Bf4 e6 3. e3 c5 4. c3 Qb6 5. Qb3 Nc6 6. Nf3 Nd5 7. Bg3 cxd4 8. Nxd4 Nxd4 9. exd4 Be7 10. Nd2 f5 11.
Be2 f4 12. Bxf4 Nxf4 13. Qc2 Nxe2 14. Kxe2 O-O 15. f3 d5 16. Rhe1 e5 17. Kf1 e4 18.
Kg1 Bh4 19. Re2 exf3 20. Nxf3 Bf5 21. Qb3 Qxb3 22. axb3 Bf6 23. Ne5 Rfe8 24. Rae1 Bxe5 25. dxe5 Be4 26. Kf2 Rxe5 27. c4 Rf8+ 28. Kg1 Rg5 29.
cxd5 Bxd5 30. g3 h5 31. Re5 Rxe5 32. Rxe5 Bf3 33. Re3 Bc6 0-1

[Event "Live Chess"]
[Site "Chess.com"]
[Date "2023.05.20"]
[Round "-"]
[White "TobyQuaite"]
[Black "CocheseUK"]
[Result "1-0"]
[WhiteElo "1694"]
[BlackElo "1103"]
[TimeControl "300"]
[EndTime "11:22:34 PDT"]
[Termination "TobyQuaite won by resignation"]

1. e4 e5 2. Nf3 Nc6 3. d4 d6 4. d5 Nce7 5. c4 g6 6. Nc3 Bg7 7. Be3 Nf6 8. c5 O-O 9. Bd3 c6 10. cxd6 Qxd6 11. dxc6 Qxc6 12. O-O Be6 13. Bb5 Qc7 14. Ng5 Bd7 15. Bxd7 Nxd7 16. f4 f6 17. Ne6 Qc4 18. Nxf8 Nxf8 19. fxe5 fxe5 20. Nd5 Nxd5 21. Qxd5+ Qxd5 22. exd5 e4 23. Rf2 Nd7 24. Rc1 Be5 25. Bf4 e3 26. Rf3 Bxb2 27. Rb1 Ne5 28. Bxe5 Bxe5 29. Rxb7 1-0

[Event "Live Chess"]
[Site "Chess.com"]
[Date "2023.05.20"]
[Round "-"]
[White "Geomorph"]
[Black "McSlash1"]
[Result "0-1"]
[WhiteElo "1222"]
[BlackElo "2053"]
[TimeControl "300"]
[EndTime "11:22:35 PDT"]
[Termination "McSlash1 won on time"]

1. e4 c5 2. Nf3 d6 3. d4 cxd4 4. Qxd4 Nf6 5. Bg5 Nc6 6. Bb5 Bd7 7. Bxc6 bxc6 8. Nc3 c5 9. Qd3 Bc6 10. O-O-O Nd7 11.
Nd5 h6 12. Bh4 g5 13. Bg3 Bg7 14. Nd2 Rb8 15. Nc3 Qb6 16. Nc4 Qb4 17. a3 Qb7 18. Bxd6 Bd4 19. Bxb8 Nxb8 20. Na5 Qc7 21. Nb3 e5 22. f3 Nd7 23. Ne2 a6 24. Nbxd4 cxd4 25. Qxa6 O-O 26. Qc4 Rb8 27. h4 Qb6 28. b4 Bb5 29.
Qd5 Nf6 30. Qxe5 Bxe2 31. Rxd4 Re8 32. Qd6 Qxd6 33. Rxd6 Kg7 34. hxg5 hxg5 35. Kd2 Bb5 36. Rb6 Rd8+ 37. Ke3 Ba4 38. c4 Bb3 39. c5 Re8 40. a4 Nd5+ 41. Kd4 Nxb6 42. cxb6 Bxa4 43. b7 Rb8 44. Ra1 Bc6 45. Ra4 Bxa4 46. Kc5 Rxb7 47. g4 Bd7 48. e5 Be6 49. b5 Bd7 50. b6 Kf8 51. f4 gxf4 0-1

[Event "Live Chess"]
[Site "Chess.com"]
[Date "2023.05.20"]
[Round "-"]
[White "LaupMiths"]
[Black "luckywookie"]
[Result "1-0"]
[WhiteElo "1834"]
[BlackElo "729"]
[TimeControl "300"]
[EndTime "11:22:35 PDT"]
[Termination "LaupMiths won on time"]

1. d4 d5 2. Nf3 c6 3. Bf4 Nd7 4. e3 Nb6 5. c3 Bg4 6. Bd3 Nf6 7. h3 Bxf3 8. Qxf3 Ne4 9. Bxe4 dxe4 10. Qxe4 Nd5 11. Bg3 e6 12. O-O Bd6 13. Bxd6 Qxd6 14. Nd2 O-O 15. a3 Rae8 16. c4 Nf6 17. Qf3 e5 18. dxe5 Qxe5 19. b4 Qb2 20. Rfd1 Rd8 21.
Ne4 Rxd1+ 22. Rxd1 Nxe4 23. Qxe4 Qxa3 24. Qe7 h6 25. Rd8 Rxd8 26. Qxd8+ Kh7 27. Qd2 Qa1+ 28. Kh2 Qe5+ 29. g3 a6 30. Qd3+ f5 31. Qd7 Qb2 32.
Kg2 b5 33. Qxf5+ Kg8 34. Qe6+ Kh7 35. cxb5 Qxb4 36. bxc6 a5 37. Qf5+ Kg8 38. Qc8+ Kh7 39. Qb7 Qe4+ 40. Kg1 a4 41. Qa6 Qe6 42. Qxa4 Qc8 43.
Qb5 Qd8 44. Qb1+ 1-0

[Event "Live Chess"]
[Site "Chess.com"]
[Date "2023.05.20"]
[Round "-"]
[White "ReeceHockton"]
[Black "MarkLim1"]
[Result "0-1"]
[WhiteElo "323"]
[BlackElo "1620"]
[TimeControl "300"]
[EndTime "11:22:36 PDT"]
[Termination "MarkLim1 won by resignation"]

1. d4 Nf6 2. Nf3 e6 3. c3 b6 4.
Bf4 Ba6 5. e3 Bxf1 6. Rxf1 Be7 7. Nbd2 O-O 8. Qe2 c5 9. O-O-O Nc6 10. Qa6 cxd4 11. Qb7 dxc3 12. bxc3 Na5 13. Bc7 Qc8 14. Qxc8 Raxc8 15. Be5 d6 16. Bxf6 Bxf6 17. Nd4 Rxc3+ 18. Nc2 Rfc8 19. Nb3 Rxc2+ 20. Kb1 Rb2+ 21. Ka1 Rxb3+ 22. Rd4 Bxd4+ 23. exd4 Rd3 24. Rb1 Rxd4 25. Rd1 Rxd1+ 0-1

[Event "Live Chess"]
[Site "Chess.com"]
[Date "2023.05.20"]
[Round "-"]
[White "BillythekidFellowes"]
[Black "Olisingapore"]
[Result "1-0"]
[WhiteElo "2019"]
[BlackElo "1908"]
[TimeControl "300"]
[EndTime "11:22:44 PDT"]
[Termination "BillythekidFellowes won by resignation"]

1. e4 c5 2. Nf3 d6 3. d4 cxd4 4. Qxd4 Nc6 5. Bb5 Bd7 6. Bxc6 Bxc6 7. Nc3 Nf6 8. Bg5 e6 9. O-O-O Be7 10. Rhe1 O-O 11.
Qd3 Qa5 12. Qd2 b5 13. Kb1 b4 14. Bxf6 Bxf6 15. Ne2 Bxe4 16. Nfd4 Rac8 17. f3 Bg6 18. Nf4 Bg5 19. h4 Bxf4 20. Qxf4 e5 21. Qg5 exd4 22.
Qxa5 Bxc2+ 23. Ka1 Bxd1 24. Rxd1 Rfe8 25. Qxb4 Re2 26. Qxd4 Rxg2 27. Qxd6 h6 28. a4 Rcc2 29. Qe5 Rc8 30. Qa5 Rb8 31. Rd8+ Rxd8 32. Qxd8+ Kh7 33. Qe7 Rg1+ 34. Ka2 Rg3 35. Qxf7 1-0

[Event "Live Chess"]
[Site "Chess.com"]
[Date "2023.05.20"]
[Round "-"]
[White "Ocelot32"]
[Black "chessleanstrategist"]
[Result "1-0"]
[WhiteElo "1396"]
[BlackElo "400"]
[TimeControl "300"]
[EndTime "11:22:51 PDT"]
[Termination "Ocelot32 won by resignation"]

1. e4 d6 2. Nf3 Nf6 3. Nc3 g6 4. d4 Bg7 5. Bc4 O-O 6. O-O e6 7.
Re1 Nbd7 8. d5 exd5 9. exd5 Nb6 10. Bb3 c6 11. dxc6 bxc6 12. Bg5 d5 13. Ne2 Qc7 14. c3 Ne4 15. Bf4 Bf5 16. Bxc7 1-0

[Event "Live Chess"]
[Site "Chess.com"]
[Date "2023.05.20"]
[Round "-"]
[White "Doge_Dandolo"]
[Black "Ferrarifan27"]
[Result "0-1"]
[WhiteElo "2097"]
[BlackElo "2103"]
[TimeControl "300"]
[EndTime "11:22:53 PDT"]
[Termination "Ferrarifan27 won by resignation"]

1. Nf3 Nf6 2. c4 e6 3. g3 d5 4. Bg2 Be7 5. O-O O-O 6. d4 c6 7. Qc2 b6 8. Nc3 Ba6 9. b3 dxc4 10. bxc4 Bxc4 11. Rd1 Ba6 12. Bf4 Bb7 13. Ne5 Nd5 14.
Bd2 Nd7 15. Nxd7 Qxd7 16. Ne4 Rac8 17. Rac1 Nf6 18. Nxf6+ Bxf6 19. Be3 Qe7 20. Qe4 Rfd8 21. Bf4 Rd7 22. Qb1 Rxd4 23. Be3 Rxd1+ 24. Rxd1 Rd8 25.
Rd3 Rxd3 26. Qxd3 Qd8 27. Qa3 Qd1+ 28. Bf1 Qd5 29. Qxa7 c5 30. Qb8+ Bd8 31. f3 h6 32.
Bh3 Kh7 33. Kf2 Bf6 34. Qc7 Kg6 35. Qxb6 Bd4 36. Qb1+ Kf6 37. Qd3 Bxe3+ 38. Qxe3 c4 39.
Qc3+ e5 40. a4 Qd4+ 41. Qe3 c3 42. Qxd4 exd4 43. Ke1 Bc6 44. a5 Bb5 45. Bc8 Ke7 46. a6 Kd8 47. Bb7 Kc7 48. Bd5 Bxa6 49. Bxf7 Kd6 50.
Bg6 Kc5 51. Kd1 Kb4 52. f4 Kb3 53. Kc1 Bxe2 54. h3 d3 55. g4 d2+ 0-1

[Event "Live Chess"]
[Site "Chess.com"]
[Date "2023.05.20"]
[Round "-"]
[White "OceanFloater"]
[Black "SavagePawn7"]
[Result "0-1"]
[WhiteElo "960"]
[BlackElo "762"]
[TimeControl "300"]
[EndTime "11:22:54 PDT"]
[Termination "SavagePawn7 won by checkmate"]

1. e4 d5 2. exd5 Nf6 3. Nc3 Nxd5 4. Nxd5 Qxd5 5. c4 Qe6+ 6. Qe2 Qxe2+ 7. Bxe2 e5 8. Nf3 Nc6 9. a3 Bg4 10. b4 Nd4 11.
Nxd4 exd4 12. Bxg4 Bd6 13. O-O O-O 14. c5 Be7 15.
Re1 Rae8 16. d3 Bf6 17. Rxe8 Rxe8 18. Bb2 b6 19. c6 a5 20. b5 a4 21. Rc1 g6 22. h3 h5 23. Bd7 Re2 24. Bxd4 Bxd4 25. Rc4 Be5 26. Rxa4 Re1# 0-1